[Event "Titled Tuesday Blitz August 1 Late 2023"]
[White "Zierk, Steven"]
[Black "Stachanczyk, Jacek"]
[WhiteFideId "2034255"]
[BlackFideId "1116657"]
[WhiteElo "2827"]
[BlackElo "2402"]
[Result "1-0"]
[Round "2"]
[TimeControl "180+1"]
[Date "2023.08.01"]
[WhiteClock "0:01:38"]
[BlackClock "0:01:15"]
[Board "105"]

1. e4 c5 2. Nf3 d6 3. d4 cxd4 4. Nxd4 Nf6 5. Nc3 g6 6. Be3 Bg7 7. f3 O-O 8. Qd2 Nc6 9. O-O-O d5 10. Qe1 e5 11. Nxc6 bxc6 12. exd5 Nxd5 13. Bc4 Be6 14. Bc5 Qg5+ 15. Kb1 Nxc3+ 16. Qxc3 e4 17. Bd4 Bxd4 18. Qxd4 Bxc4 19. Qxc4 Qxg2 20. fxe4 Rad8 21. Qxc6 Qxh2 22. Qc5 Rxd1+ 23. Rxd1 Qe2 24. Qd5 Re8 25. c4 Rxe4 26. Rc1 Rf4 27. c5 Rf2 28. Qd8+ Kg7 29. Qd4+ Kg8 30. c6 Qd2 31. Qxd2 Rxd2 32. c7 1-0


[Site "https://www.chess.com"]

[Event "Titled Tuesday Blitz August 1 Late 2023"]
[White "Rubio Tent, Francisco"]
[Black "Nazari, Arad"]
[WhiteFideId "2238233"]
[BlackFideId "12577324"]
[WhiteElo "2402"]
[BlackElo "2767"]
[Result "0-1"]
[Round "2"]
[TimeControl "180+1"]
[Date "2023.08.01"]
[WhiteClock "0:00:48"]
[BlackClock "0:01:53"]
[Board "106"]

1. e4 e6 2. d4 d5 3. Bd3 Nf6 4. e5 Nfd7 5. f4 c5 6. c3 Nc6 7. Nf3 Qb6 8. Bc2 Be7 9. O-O f5 10. Nbd2 cxd4 11. Kh1 dxc3 12. bxc3 O-O 13. Nb3 Nc5 14. Rb1 Qc7 15. Be3 Ne4 16. Bxe4 dxe4 17. Nfd4 Rd8 18. Qe1 b6 19. Nb5 Qb8 20. Rd1 Ba6 21. a4 Rxd1 22. Qxd1 Qd8 23. Qh5 Qd3 24. Rd1 Qxe3 0-1


[Site "https://www.chess.com"]

[Event "Titled Tuesday Blitz August 1 Late 2023"]
[White "Fantastic_Power"]
[Black "Silva Lucena, Cristian"]
[BlackFideId "2232588"]
[WhiteElo "2763"]
[BlackElo "2399"]
[Result "1-0"]
[Round "2"]
[TimeControl "180+1"]
[Date "2023.08.01"]
[WhiteClock "0:02:25"]
[BlackClock "0:01:40"]
[Board "107"]

1. e4 c6 2. d4 d5 3. e5 c5 4. dxc5 e6 5. Bd3 Nc6 6. Nf3 Bxc5 7. O-O Nge7 8. a3 Ng6 9. b4 Be7 10. Re1 Qc7 11. Bb2 a5 12. b5 Nb8 13. Nbd2 Nd7 14. c4 Nb6 15. Rc1 Qb8 16. c5 Nd7 17. Bd4 Nf4 18. Bf1 Ng6 19. c6 bxc6 20. bxc6 Nb6 21. Rb1 Bd8 22. Qb3 a4 23. Qb4 1-0


[Site "https://www.chess.com"]

[Event "Titled Tuesday Blitz August 1 Late 2023"]
[White "Jahnz, Fabian"]
[Black "Matinian, Nikita"]
[WhiteFideId "4653300"]
[BlackFideId "24129100"]
[WhiteElo "2398"]
[BlackElo "2724"]
[Result "0-1"]
[Round "2"]
[TimeControl "180+1"]
[Date "2023.08.01"]
[WhiteClock "0:00:19"]
[BlackClock "0:00:33"]
[Board "108"]

1. e4 c5 2. Nf3 e6 3. d4 cxd4 4. Nxd4 Nc6 5. Nc3 Nf6 6. Be3 Bb4 7. Nxc6 bxc6 8. Bd3 d5 9. exd5 cxd5 10. Bb5+ Bd7 11. Bxd7+ Qxd7 12. O-O Bxc3 13. bxc3 O-O 14. Bd4 Ne4 15. f3 Nd6 16. Rb1 f6 17. Bc5 Rac8 18. Bb4 Rfd8 19. Ba5 Re8 20. Qd4 Nc4 21. Bb4 a5 22. Bc5 e5 23. Qf2 Qc6 24. Be3 Nxe3 25. Qxe3 Qxc3 26. Qxc3 Rxc3 27. Rb5 d4 28. Rxa5 Rxc2 29. Rd1 Rb8 30. Kh1 Rbb2 31. Rg1 Rxa2 32. Rd5 Kf7 33. h4 h5 34. f4 Ke6 35. Rd8 exf4 36. Rxd4 Kf5 37. Rd7 g5 38. hxg5 fxg5 39. Rd5+ Kg4 40. Re1 Kh4 41. Re4 Rxg2 42. Rxf4+ Rg4 43. Rff5 Ra3 44. Rf2 Rh3+ 45. Rh2 Rxh2+ 46. Kxh2 Rf4 47. Re5 Kg4 48. Ra5 h4 49. Rb5 Re4 50. Ra5 Kf4 51. Rb5 g4 52. Ra5 Re2+ 53. Kg1 h3 54. Rb5 g3 55. Rb4+ Kf3 56. Rb3+ Re3 57. Rb1 Rc3 58. Kh1 Ke3 59. Re1+ Kd2 0-1


[Site "https://www.chess.com"]

[Event "Titled Tuesday Blitz August 1 Late 2023"]
[White "Alex_Sahakyan2006"]
[Black "KorolDimitriy75"]
[WhiteElo "2719"]
[BlackElo "2382"]
[Result "1-0"]
[Round "2"]
[TimeControl "180+1"]
[Date "2023.08.01"]
[WhiteClock "0:00:49"]
[BlackClock "0:00:00"]
[Board "109"]

1. b3 c5 2. Bb2 Nc6 3. e4 d6 4. Nf3 e5 5. Bc4 g6 6. c3 Bg7 7. Na3 Nge7 8. O-O O-O 9. d4 exd4 10. cxd4 Bg4 11. Nc2 Qb6 12. dxc5 dxc5 13. Bxg7 Kxg7 14. h3 Rad8 15. Qe2 Bxf3 16. Qxf3 Ne5 17. Qc3 Qf6 18. f4 Nxc4 19. Qxc4 Rd2 20. Rad1 Rxd1 21. Rxd1 Qxf4 22. Qxc5 Nc6 23. Qc3+ Kg8 24. Ne3 Qe5 25. Qxe5 Nxe5 26. Kf2 Rc8 27. Rd5 f6 28. Rd6 Kf7 29. Nd5 Rc2+ 30. Kg3 Rc6 31. Rd8 h5 32. Rb8 b6 33. Rb7+ Ke6 34. Rxa7 g5 35. h4 Rc2 36. Re7+ Kd6 37. Rb7 gxh4+ 38. Kh3 Rxa2 39. Rxb6+ Kc5 40. Rxf6 Kd4 41. Rf1 Ra3 42. Rb1 Kxe4 43. Nc3+ Kf4 44. Nb5 Ra2 45. Rf1+ Kg5 46. Nd4 Ng4 47. Nf3+ Kh6 48. Nxh4 Ra3 49. Rf3 Ne5 50. Rg3 1-0


[Site "https://www.chess.com"]

[Event "Titled Tuesday Blitz August 1 Late 2023"]
[White "Eggleston, Thomas A"]
[Black "Papasimakopoulos, Alexandros"]
[WhiteFideId "412139"]
[BlackFideId "4244125"]
[WhiteElo "2379"]
[BlackElo "2695"]
[Result "0-1"]
[Round "2"]
[TimeControl "180+1"]
[Date "2023.08.01"]
[WhiteClock "0:00:00"]
[BlackClock "0:01:16"]
[Board "110"]

1. e4 e6 2. d4 d5 3. exd5 exd5 4. c4 Nf6 5. Nc3 Bb4 6. Nf3 O-O 7. Bd3 dxc4 8. Bxc4 Bg4 9. Be3 Nc6 10. O-O Rb8 11. Be2 Re8 12. h3 Bh5 13. a3 Ba5 14. Qa4 Bb6 15. Rad1 Nd5 16. Nxd5 Qxd5 17. g4 Bg6 18. Nh4 Be4 19. Bc4 Qd6 20. Qb5 Nxd4 21. Qh5 Re5 22. Qxf7+ Kh8 23. Bf4 Qe7 24. Bxe5 Qxe5 25. Rfe1 Nf3+ 26. Kf1 Nxh4 27. Bd3 Bg2+ 28. Kg1 Nf3+ 29. Qxf3 Bxf3 30. Rxe5 Bxd1 0-1


[Site "https://www.chess.com"]

[Event "Titled Tuesday Blitz August 1 Late 2023"]
[White "Rosen, Eric"]
[Black "Bueno, Alfeu Junior Varela"]
[WhiteFideId "2032562"]
[BlackFideId "2108879"]
[WhiteElo "2670"]
[BlackElo "2375"]
[Result "1-0"]
[Round "2"]
[TimeControl "180+1"]
[Date "2023.08.01"]
[WhiteClock "0:00:05"]
[BlackClock "0:00:05"]
[Board "111"]

1. d4 e6 2. Bf4 f5 3. g4 fxg4 4. h3 Qh4 5. Bg2 Bd6 6. Bxd6 cxd6 7. Nc3 g3 8. Nf3 gxf2+ 9. Kf1 Qh5 10. Ne4 Ke7 11. Kxf2 Nf6 12. Ng3 Qg6 13. d5 Rf8 14. c4 Na6 15. Re1 Nc5 16. Qd4 e5 17. Qh4 Ne4+ 18. Nxe4 Qxe4 19. Qg5 Kf7 20. c5 Qb4 21. Qe3 e4 22. Ng5+ Kg8 23. Kg3 Qxc5 24. Qxc5 dxc5 25. Bxe4 Nxe4+ 26. Nxe4 b6 27. Nd6 Ba6 28. e4 Rf6 29. e5 Rg6+ 30. Kh2 Rf8 31. Ne4 Bb7 32. Rad1 Re8 33. Nd6 Rb8 34. h4 h5 35. Re3 Rg4 36. Kh3 Rd4 37. Red3 Bxd5 38. Rxd4 cxd4 39. b3 Be6+ 40. Kg3 Rf8 41. Rxd4 Rf1 42. Ra4 a5 43. b4 axb4 44. Rxb4 Ra1 45. a4 Ra3+ 46. Kf2 Rh3 47. Kg2 Ra3 48. Ne4 Kh7 49. Ng5+ Kg6 50. Kf2 Kf5 51. Nf3 Kg6 52. Rxb6 Rxa4 53. Kg3 Ra3 54. Kf4 Kh7 55. Ng5+ Kg6 56. Nxe6 dxe6 57. Rxe6+ Kf7 58. Rb6 Ra4+ 59. Kg5 Ra5 60. Kf5 Rc5 61. Rb7+ Kg8 62. Ke6 Rc4 63. Rb8+ Kh7 64. Kf7 Rxh4 65. e6 Rf4+ 66. Ke8 h4 67. Rb5 Kg6 68. e7 Re4 69. Kd7 Rd4+ 70. Ke6 Re4+ 71. Kd7 Rd4+ 72. Kc7 Re4 73. Kd6 Rd4+ 74. Ke5 Rd3 75. e8=Q+ Kg5 76. Qe7+ Kg4 77. Qb7 Kg3 78. Rb3 Rxb3 79. Qxb3+ Kg2 80. Qc2+ Kg3 81. Ke4 h3 82. Qd3+ Kg2 83. Qe2+ Kg1 84. Kf3 h2 85. Qf2+ Kh1 86. Qf1# 1-0


[Site "https://www.chess.com"]

[Event "Titled Tuesday Blitz August 1 Late 2023"]
[White "Bernat, David"]
[Black "Dimitrov, Atanas"]
[WhiteFideId "2099225"]
[BlackFideId "2901315"]
[WhiteElo "2375"]
[BlackElo "2669"]
[Result "0-1"]
[Round "2"]
[TimeControl "180+1"]
[Date "2023.08.01"]
[WhiteClock "0:00:20"]
[BlackClock "0:02:41"]
[Board "112"]

1. c4 e5 2. Nc3 g6 3. g3 Bg7 4. Bg2 Ne7 5. d3 O-O 6. e4 Nbc6 7. Nge2 d6 8. O-O h6 9. f3 Be6 10. Be3 f5 11. Qd2 Kh7 12. b3 Qd7 13. Rad1 Nd8 14. d4 fxe4 15. d5 Bh3 16. Nxe4 Bxg2 17. Kxg2 Nf5 18. Bg1 Nf7 19. N2c3 h5 20. Ng5+ Nxg5 21. Qxg5 Bh6 0-1


[Site "https://www.chess.com"]

[Event "Titled Tuesday Blitz August 1 Late 2023"]
[White "Goltsev, Dmitry"]
[Black "Balla, Tamas-Kristof"]
[WhiteFideId "24176710"]
[BlackFideId "1208497"]
[WhiteElo "2659"]
[BlackElo "2371"]
[Result "1-0"]
[Round "2"]
[TimeControl "180+1"]
[Date "2023.08.01"]
[WhiteClock "0:01:12"]
[BlackClock "0:00:11"]
[Board "113"]

1. e4 c5 2. Nf3 Nc6 3. d4 cxd4 4. Nxd4 e5 5. Nf5 d5 6. Qxd5 Qxd5 7. exd5 Bxf5 8. dxc6 bxc6 9. Bd3 Bxd3 10. cxd3 Nf6 11. Nc3 Nd5 12. Ke2 Bb4 13. Bd2 Bd6 14. Rac1 Kd7 15. b3 f6 16. Na4 Rhd8 17. Rc4 a5 18. Rhc1 Ra6 19. g3 Kc7 20. f3 Kb7 21. Rc5 Nb4 22. Bxb4 axb4 23. R5c4 Be7 24. Ke3 Rd5 25. d4 exd4+ 26. Rxd4 Rxd4 27. Kxd4 c5+ 28. Rxc5 Rd6+ 29. Rd5 Re6 30. Nb2 Re2 31. Nc4 Kc6 32. Rh5 h6 33. f4 Rxa2 34. Ke4 Rc2 35. Kf5 Rc3 36. Kg6 Rxb3 37. Na5+ 1-0


[Site "https://www.chess.com"]

[Event "Titled Tuesday Blitz August 1 Late 2023"]
[White "Ardelean, George-Catalin"]
[Black "Kanyamarala, Trisha"]
[WhiteFideId "1207091"]
[BlackFideId "45004722"]
[WhiteElo "2658"]
[BlackElo "2370"]
[Result "1-0"]
[Round "2"]
[TimeControl "180+1"]
[Date "2023.08.01"]
[WhiteClock "0:01:48"]
[BlackClock "0:02:01"]
[Board "114"]

1. d4 d5 2. Bf4 Nf6 3. e3 e6 4. Qf3 c5 5. Nc3 a6 6. g4 Nc6 7. O-O-O c4 8. g5 Nd7 9. e4 Nb6 10. Qg3 Be7 11. Bc7 Bxg5+ 12. Kb1 Bh4 13. Bxd8 Bxg3 14. Bxb6 Bxf2 15. exd5 exd5 16. Nxd5 O-O 17. Bxc4 Bg4 18. Be2 Be6 19. Nc7 Rac8 20. Nxe6 fxe6 21. Nf3 Nb4 22. Bc5 Nd5 23. Bxf8 Rxf8 24. Ne5 Ne3 25. Rd3 1-0


[Site "https://www.chess.com"]

[Event "Titled Tuesday Blitz August 1 Late 2023"]
[White "Rodriguez Santiago, Jaime"]
[Black "Annaberdiyev, Meylis"]
[WhiteFideId "3100898"]
[BlackFideId "14000563"]
[WhiteElo "2366"]
[BlackElo "2658"]
[Result "0-1"]
[Round "2"]
[TimeControl "180+1"]
[Date "2023.08.01"]
[WhiteClock "0:00:41"]
[BlackClock "0:00:41"]
[Board "115"]

1. c4 e5 2. Nc3 Nc6 3. g3 Bc5 4. Bg2 d6 5. Nf3 a6 6. e3 Ba7 7. O-O Nge7 8. d4 O-O 9. b3 Bg4 10. h3 Bxf3 11. Bxf3 exd4 12. exd4 Bxd4 13. Bb2 Qd7 14. Kg2 Rae8 15. Qd2 Ng6 16. Rad1 Nce5 17. Qxd4 Nxf3 18. Kxf3 Qxh3 19. Ne4 Ne5+ 20. Ke2 f5 21. Rh1 Qg4+ 22. f3 Qxf3+ 23. Kd2 Qxe4 0-1


[Site "https://www.chess.com"]

[Event "Titled Tuesday Blitz August 1 Late 2023"]
[White "Srdanovic, Jovana"]
[Black "Timerkhanov, Alexander"]
[WhiteFideId "954810"]
[BlackFideId "24177938"]
[WhiteElo "2364"]
[BlackElo "2628"]
[Result "0-1"]
[Round "2"]
[TimeControl "180+1"]
[Date "2023.08.01"]
[WhiteClock "0:00:08"]
[BlackClock "0:02:32"]
[Board "116"]

1. d4 d5 2. c4 dxc4 3. e4 b5 4. a4 c6 5. Nf3 a6 6. Be2 Bb7 7. O-O e6 8. b3 cxb3 9. Qxb3 Nf6 10. Bg5 Be7 11. Nbd2 O-O 12. Rac1 Nbd7 13. Rfd1 Nb6 14. axb5 cxb5 15. Qb1 Na4 16. Bd3 h6 17. Bxf6 Bxf6 18. e5 Be7 19. Be4 Bxe4 20. Nxe4 Rc8 21. Rxc8 Qxc8 22. Rc1 Qb7 23. h3 Rc8 24. Rxc8+ Qxc8 25. g4 b4 26. g5 hxg5 27. Nexg5 Bxg5 28. Nxg5 g6 29. Qe4 Qc1+ 30. Kh2 Qxg5 31. Qa8+ Kg7 32. Qxa6 Qf4+ 33. Kg2 Nc3 34. Qd3 Ne4 35. Qc2 b3 36. Qb2 Qxf2+ 37. Qxf2 Nxf2 38. Kxf2 b2 0-1


[Site "https://www.chess.com"]

[Event "Titled Tuesday Blitz August 1 Late 2023"]
[White "Mike24147"]
[Black "Manukyan, Sargis V."]
[BlackFideId "13303465"]
[WhiteElo "2362"]
[BlackElo "2602"]
[Result "1-0"]
[Round "2"]
[TimeControl "180+1"]
[Date "2023.08.01"]
[WhiteClock "0:01:01"]
[BlackClock "0:00:00"]
[Board "117"]

1. c4 c5 2. g3 Nc6 3. Bg2 g6 4. Nc3 Bg7 5. d3 Nf6 6. e4 O-O 7. Nge2 a6 8. O-O Rb8 9. a4 Ne8 10. Be3 d6 11. d4 b6 12. Qd2 Nc7 13. h3 cxd4 14. Nxd4 Nxd4 15. Bxd4 Bxd4 16. Qxd4 b5 17. cxb5 axb5 18. a5 b4 19. Nd5 Ba6 20. Rfc1 Ne6 21. Qd2 Nc5 22. Qe3 Rb5 23. Nb6 b3 24. Bf1 Rb4 25. Rxc5 Bxf1 26. Rc8 Bxh3 27. Rxd8 Rxd8 28. a6 Rxb6 29. Qxb6 Rc8 30. a7 1-0


[Site "https://www.chess.com"]

[Event "Titled Tuesday Blitz August 1 Late 2023"]
[White "Jarmula, Lukasz"]
[Black "Rego, Pedro Filipe"]
[WhiteFideId "1160664"]
[BlackFideId "1904310"]
[WhiteElo "2601"]
[BlackElo "2362"]
[Result "1-0"]
[Round "2"]
[TimeControl "180+1"]
[Date "2023.08.01"]
[WhiteClock "0:01:10"]
[BlackClock "0:00:56"]
[Board "118"]

1. b3 Nf6 2. Bb2 d5 3. g3 e6 4. Bg2 c5 5. Nf3 Nc6 6. O-O Be7 7. d4 cxd4 8. Nxd4 O-O 9. c4 Nxd4 10. Qxd4 dxc4 11. Qxc4 Qb6 12. Bd4 Qa5 13. Bc3 Qb6 14. Bd4 Qa5 15. Nc3 Bd7 16. Bxb7 Rab8 17. Qa6 Qb4 18. Bxa7 Rxb7 19. a3 Qxb3 20. Rab1 Rxa7 21. Qxa7 Qxc3 22. Rfd1 Rd8 23. Rbc1 Qe5 24. Qc7 Nd5 25. Qxe5 1-0


[Site "https://www.chess.com"]

[Event "Titled Tuesday Blitz August 1 Late 2023"]
[White "brm72"]
[Black "Ferro, Mario"]
[BlackFideId "810290"]
[WhiteElo "2600"]
[BlackElo "2361"]
[Result "1-0"]
[Round "2"]
[TimeControl "180+1"]
[Date "2023.08.01"]
[WhiteClock "0:01:07"]
[BlackClock "0:00:36"]
[Board "119"]

1. e4 c5 2. Nf3 d6 3. d4 cxd4 4. Nxd4 Nf6 5. Nc3 a6 6. f3 e5 7. Nb3 Be6 8. Be3 Nbd7 9. Qd2 b5 10. O-O-O Nb6 11. Qf2 Nc4 12. Bxc4 bxc4 13. Bb6 Qc8 14. Na5 Be7 15. Nd5 Bxd5 16. exd5 O-O 17. Nc6 Qd7 18. Nxe7+ Qxe7 19. g4 Qb7 20. Ba5 Nxd5 21. Qd2 c3 22. Bxc3 Nxc3 23. Qxc3 Rfc8 24. Qd3 Rab8 25. b3 Qb4 26. Kb2 Rc6 27. a3 Qc5 28. h4 a5 29. g5 Rbc8 30. Rh2 d5 31. Qxd5 Qc3+ 32. Kb1 g6 33. h5 Rc5 34. Qd8+ 1-0


[Site "https://www.chess.com"]

[Event "Titled Tuesday Blitz August 1 Late 2023"]
[White "Mushini Ajay"]
[Black "Ozates, Tuna"]
[WhiteFideId "35066188"]
[BlackFideId "6354521"]
[WhiteElo "2361"]
[BlackElo "2598"]
[Result "0-1"]
[Round "2"]
[TimeControl "180+1"]
[Date "2023.08.01"]
[WhiteClock "0:00:00"]
[BlackClock "0:01:17"]
[Board "120"]

1. e4 c5 2. Nc3 a6 3. a4 e6 4. g3 Nc6 5. Bg2 g6 6. Nf3 Bg7 7. O-O Nge7 8. d3 O-O 9. Bg5 d6 10. Qd2 Bd7 11. Bh6 Rb8 12. Bxg7 Kxg7 13. d4 c4 14. d5 Ne5 15. Nxe5 dxe5 16. f4 Qb6+ 17. Kh1 exd5 18. exd5 exf4 19. Rxf4 Nf5 20. Raf1 Rbe8 21. Ne4 h5 22. Qc3+ Qd4 23. Qxd4+ Nxd4 24. Nf6 Nxc2 25. Nxd7 Ne3 26. Nxf8 Nxf1 27. Bxf1 b5 28. Nd7 Re1 29. Kg2 Rd1 30. axb5 axb5 31. Ne5 f5 32. Rf2 Rxd5 33. Re2 Kf6 34. Nf3 g5 35. h4 g4 36. Ng5 Rd6 37. Kf2 f4 38. gxf4 Kf5 39. Re5+ Kxf4 40. Rxb5 Rd2+ 41. Ke1 Rc2 42. Rb4 Kg3 43. Rxc4 Rxb2 44. Rc2 Rxc2 45. Ne4+ Kxh4 46. Be2 g3 47. Nxg3 Kxg3 48. Bxh5 Rh2 49. Be2 Kf4 50. Kd2 Ke4 51. Ke1 Ke3 52. Bf1 Rh1 53. Kd1 Rxf1+ 54. Kc2 Re1 0-1


[Site "https://www.chess.com"]

[Event "Titled Tuesday Blitz August 1 Late 2023"]
[White "Perez, Maximiliano"]
[Black "Vifleemskaia, Svetlana"]
[WhiteFideId "117234"]
[BlackFideId "4129490"]
[WhiteElo "2576"]
[BlackElo "2356"]
[Result "0-1"]
[Round "2"]
[TimeControl "180+1"]
[Date "2023.08.01"]
[WhiteClock "0:00:00"]
[BlackClock "0:00:03"]
[Board "121"]

1. e4 e5 2. Nf3 Nc6 3. Bc4 Nf6 4. d3 Be7 5. O-O O-O 6. Re1 d5 7. exd5 Nxd5 8. Nxe5 Nxe5 9. Rxe5 Nb6 10. Bb3 Bd6 11. Re1 Qh4 12. g3 Qh3 13. Qf3 Bg4 14. Qg2 Qh5 15. Be3 c6 16. Nd2 Rfe8 17. f3 Bh3 18. Qf2 Nd5 19. Ne4 Bc7 20. d4 Rad8 21. c3 Kh8 22. Bd2 h6 23. Nc5 b6 24. Nd3 Bf5 25. Rxe8+ Rxe8 26. Re1 Rxe1+ 27. Nxe1 f6 28. g4 Qg6 29. Ng2 Bd7 30. Qe2 Qb1+ 31. Be1 Bd6 32. c4 Nf4 33. Nxf4 Bxf4 34. Qe7 Bd2 35. Kf2 Bxe1+ 36. Qxe1 Qxb2+ 37. Ke3 Be6 38. Kd3 Bf7 39. d5 Bg6+ 40. Ke3 c5 41. Kf4 Qd4+ 42. Kg3 h5 43. h3 Kh7 44. Qe6 Qd3 0-1


[Site "https://www.chess.com"]

[Event "Titled Tuesday Blitz August 1 Late 2023"]
[White "Romero Arzuaga, Yudel"]
[Black "Unat, Can Haktan"]
[WhiteFideId "3521010"]
[BlackFideId "6398073"]
[WhiteElo "2353"]
[BlackElo "2573"]
[Result "0-1"]
[Round "2"]
[TimeControl "180+1"]
[Date "2023.08.01"]
[WhiteClock "0:00:32"]
[BlackClock "0:00:10"]
[Board "122"]

1. d4 e6 2. Nf3 Nf6 3. Bg5 c5 4. e3 Nc6 5. Nbd2 b6 6. c3 Bb7 7. Bd3 Qc7 8. Qe2 h6 9. Bh4 Bd6 10. a4 g5 11. Bg3 Bxg3 12. hxg3 O-O-O 13. dxc5 bxc5 14. Ba6 d5 15. O-O g4 16. Nh4 h5 17. b4 c4 18. Bxb7+ Qxb7 19. a5 Ne5 20. b5 Nd3 21. Rfb1 Ne4 22. a6 Qb6 23. Nxe4 dxe4 24. Ra4 Ne5 25. Rxc4+ Nxc4 26. Qxc4+ Kb8 27. Qxe4 Rd5 28. c4 Rc5 29. Rd1 Rhc8 30. Rd7 R5c7 31. Rd4 Qa5 32. Kh2 Qb6 33. Qe5 Qc5 34. Qe4 Qb6 35. Qf4 Re8 36. Qe4 Qc5 37. f3 Rg8 38. f4 Rgc8 39. Qd3 Qb6 40. f5 e5 41. Rd6 Qc5 42. Rc6 Rxc6 43. bxc6 Qxc6 44. Qb3+ Ka8 45. e4 Qxe4 46. Qb5 f6 47. Qd7 Qc6 48. Qf7 Qxa6 49. Ng6 Rxc4 50. Ne7 Rc7 51. Qd5+ Kb8 52. Qd8+ Kb7 53. Nd5 Rc5 54. Qe7+ Kb8 55. Qxc5 Qb7 56. Qf8+ Qc8 57. Qxc8+ Kxc8 58. Nxf6 a5 59. Ne4 a4 60. Nd2 a3 61. Nb3 Kd7 62. Kg1 Ke7 63. Kf2 Kf6 64. Ke3 Kxf5 65. Na1 a2 66. Kd3 e4+ 67. Kd4 Kf6 68. Kxe4 Ke6 69. Kf4 Kd5 70. Ke3 Kc4 71. Kd2 Kd4 72. Kc2 Ke3 73. Kb2 Kf2 74. Nc2 Kxg2 75. Ne3+ Kxg3 76. Nf5+ Kf4 77. Ng7 h4 78. Ne6+ Kf3 79. Ng5+ Kf4 80. Ne6+ Ke3 81. Ng5 h3 0-1


[Site "https://www.chess.com"]

[Event "Titled Tuesday Blitz August 1 Late 2023"]
[White "Kochiev, Ivan"]
[Black "Peatman, Carter"]
[WhiteFideId "2917890"]
[BlackFideId "2096480"]
[WhiteElo "2542"]
[BlackElo "2351"]
[Result "1-0"]
[Round "2"]
[TimeControl "180+1"]
[Date "2023.08.01"]
[WhiteClock "0:00:14"]
[BlackClock "0:00:06"]
[Board "123"]

1. e4 e5 2. Nf3 Nf6 3. Nxe5 d6 4. Nf3 Nxe4 5. d4 d5 6. Bd3 Nd6 7. O-O Be7 8. h3 O-O 9. Bf4 Nd7 10. Re1 Nf6 11. Nbd2 Re8 12. c3 c6 13. Ne5 Bf5 14. Qe2 Bxd3 15. Qxd3 Nfe4 16. Re3 Nxd2 17. Qxd2 f6 18. Ng4 Nc4 19. Qd3 Nxe3 20. Nxe3 Bd6 21. Bxd6 Qxd6 22. c4 dxc4 23. Qxc4+ Qe6 24. Qb4 Qd7 25. Rc1 Rad8 26. h4 Kh8 27. Rd1 Re4 28. g3 b6 29. Qc3 Re6 30. Nf5 Qd5 31. Ne3 Qe4 32. h5 h6 33. Qa3 Rxd4 34. Rxd4 Qxd4 35. Qxa7 Re8 36. Nf5 Qd1+ 37. Kh2 Rg8 38. Nh4 Qd4 39. Kg1 Qd1+ 40. Kh2 Qd4 41. Kg2 Qd5+ 42. Kg1 b5 43. Qe3 Qxh5 44. Qe4 Qd5 45. Ng6+ Kh7 46. Nf8+ Kh8 47. Qh7# 1-0


[Site "https://www.chess.com"]

[Event "Titled Tuesday Blitz August 1 Late 2023"]
[White "Fiorito, Francisco"]
[Black "Topalov, Aleksandar"]
[WhiteFideId "180165"]
[BlackFideId "925659"]
[WhiteElo "2540"]
[BlackElo "2349"]
[Result "1-0"]
[Round "2"]
[TimeControl "180+1"]
[Date "2023.08.01"]
[WhiteClock "0:00:02"]
[BlackClock "0:00:00"]
[Board "124"]

1. a3 g6 2. h4 h6 3. d4 Bg7 4. b4 d6 5. Bb2 Nd7 6. e3 Ngf6 7. c4 O-O 8. Nc3 e5 9. Nf3 Re8 10. Be2 exd4 11. Nxd4 Ne5 12. Qc2 Nfg4 13. h5 g5 14. Rd1 c6 15. Ne4 f5 16. Ng3 f4 17. exf4 gxf4 18. Ngf5 Qf6 19. Nh4 Nf7 20. Ba1 Nfe5 21. Nhf3 Nxf3+ 22. Nxf3 Qe7 23. Bxg7 Kxg7 24. O-O Qf6 25. Bd3 Bd7 26. Rfe1 Rxe1+ 27. Rxe1 Re8 28. Bg6 Rxe1+ 29. Nxe1 Qh4 30. Nf3 Qf6 31. Qe2 Ne5 32. Nd2 Bf5 33. Bxf5 Qxf5 34. Kh2 Qd3 35. Qe1 1-0


[Site "https://www.chess.com"]

[Event "Titled Tuesday Blitz August 1 Late 2023"]
[White "Senft, Sean"]
[Black "Womacka, Mathias"]
[WhiteFideId "2044960"]
[BlackFideId "4611390"]
[WhiteElo "2349"]
[BlackElo "2540"]
[Result "1/2-1/2"]
[Round "2"]
[TimeControl "180+1"]
[Date "2023.08.01"]
[WhiteClock "0:00:02"]
[BlackClock "0:00:11"]
[Board "125"]

1. d4 Nf6 2. c4 e6 3. Nc3 Bb4 4. Nf3 c5 5. g3 cxd4 6. Nxd4 O-O 7. Bg2 d5 8. cxd5 Nxd5 9. Bd2 Nxc3 10. Bxc3 Bxc3+ 11. bxc3 Qc7 12. Qc2 e5 13. Nb3 Be6 14. O-O Nd7 15. Rab1 Rab8 16. Rfd1 Rfc8 17. Rbc1 b6 18. c4 Nf6 19. Nd2 h6 20. Ne4 Nxe4 21. Bxe4 Bxc4 22. Bd5 b5 23. Qf5 Rd8 24. Bxc4 bxc4 25. Rxd8+ Rxd8 26. Rc3 Qc5 27. Qe4 Rc8 28. h4 Qd4 29. Qc2 h5 30. e3 Qd5 31. Qe2 g6 32. g4 hxg4 33. Qxg4 Rc6 34. Qe2 e4 35. Qc2 Qe6 36. Kf1 Qh3+ 37. Ke1 Qh1+ 38. Ke2 Qxh4 39. Rxc4 Qg4+ 40. Ke1 Rxc4 41. Qxc4 Qf5 42. Kf1 a5 43. a4 Kg7 44. Qd4+ Kh7 45. Qd8 Qe5 46. Kg2 Kg7 47. Qb6 Qg5+ 48. Kf1 Qd5 49. Ke1 Kh6 50. Qb5 Qd6 51. Qxa5 Qa3 52. Qb5 Qc1+ 53. Ke2 Qc2+ 54. Kf1 Qd1+ 55. Kg2 Qg4+ 56. Kh1 Qh4+ 57. Kg1 Qg4+ 58. Kf1 Qd1+ 59. Kg2 Qg4+ 60. Kh2 Qh4+ 61. Kg1 Qg4+ 62. Kf1 Qd1+ 1/2-1/2


[Site "https://www.chess.com"]

[Event "Titled Tuesday Blitz August 1 Late 2023"]
[White "Gerbelli Neto, Eduardo"]
[Black "Grinev, Valeriy"]
[WhiteFideId "2103281"]
[BlackFideId "14117517"]
[WhiteElo "2347"]
[BlackElo "2535"]
[Result "0-1"]
[Round "2"]
[TimeControl "180+1"]
[Date "2023.08.01"]
[WhiteClock "0:00:20"]
[BlackClock "0:01:53"]
[Board "126"]

1. e4 c5 2. Nc3 Nc6 3. f4 g6 4. Nf3 Bg7 5. Bc4 e6 6. f5 Nf6 7. e5 Nxe5 8. Nxe5 gxf5 9. O-O a6 10. d3 d5 11. Bb3 b5 12. a4 c4 13. dxc4 bxc4 14. Ba2 h5 15. Be3 Ng4 16. Nxg4 hxg4 17. Bf4 Bd7 18. Qe1 Qb6+ 19. Kh1 Kf8 20. Qg3 Qxb2 21. Bd6+ Kg8 22. Be5 Qxc2 23. Rac1 Qd2 24. Bxg7 Kxg7 25. Rcd1 Qh6 26. Ne2 Bxa4 27. Rb1 Bc2 28. Rb7 Bd3 29. Rb2 Qf6 30. Rd2 Bxe2 31. Rxe2 Rab8 32. Bb1 Rb2 33. Qf4 Rxe2 0-1


[Site "https://www.chess.com"]

[Event "Titled Tuesday Blitz August 1 Late 2023"]
[White "Prydun, Andriy"]
[Black "Poltorak, Sebastian"]
[WhiteFideId "14145898"]
[BlackFideId "1199498"]
[WhiteElo "2346"]
[BlackElo "2528"]
[Result "0-1"]
[Round "2"]
[TimeControl "180+1"]
[Date "2023.08.01"]
[WhiteClock "0:00:33"]
[BlackClock "0:01:10"]
[Board "127"]

1. e4 Nc6 2. d4 d5 3. exd5 Qxd5 4. Nf3 e5 5. c4 Qe4+ 6. Be3 Bb4+ 7. Nc3 exd4 8. Nxd4 Bg4 9. Bd3 Qxg2 10. Bf1 Qe4 11. Qa4 Bxc3+ 12. bxc3 Qxh1 13. Rb1 Ne7 14. Rxb7 Bh3 0-1


[Site "https://www.chess.com"]

[Event "Titled Tuesday Blitz August 1 Late 2023"]
[White "Janaszak, Dawid"]
[Black "Chabris, Christopher"]
[WhiteFideId "1119206"]
[BlackFideId "2005263"]
[WhiteElo "2527"]
[BlackElo "2345"]
[Result "1-0"]
[Round "2"]
[TimeControl "180+1"]
[Date "2023.08.01"]
[WhiteClock "0:01:29"]
[BlackClock "0:00:00"]
[Board "128"]

1. e4 e5 2. Nf3 Nc6 3. Bc4 Nf6 4. d4 exd4 5. Ng5 d5 6. exd5 Qe7+ 7. Kf1 Ne5 8. Qxd4 Nxc4 9. Qxc4 Qc5 10. Qxc5 Bxc5 11. c4 Bf5 12. Nd2 Bd3+ 13. Kg1 h6 14. Ngf3 Ng4 15. g3 Nxf2 16. b4 Be3 17. Nf1 Bxc1 18. Kxf2 Bb2 19. Re1+ Kf8 20. N1d2 f6 21. Re3 Bg6 22. Rb3 Be5 23. Nxe5 fxe5 24. Re1 Re8 25. Rbe3 Kf7 26. Rxe5 Rxe5 27. Rxe5 Rd8 28. Ke3 c6 29. Kd4 cxd5 30. Rxd5 Re8 31. Rd7+ Re7 32. Rxe7+ Kxe7 33. Nf3 Bf7 34. Ne5 Be6 35. a4 g5 36. a5 h5 37. b5 h4 38. gxh4 gxh4 39. Ng6+ Kd6 40. Nxh4 a6 41. Nf3 Bg4 42. Nd2 Be2 43. b6 Ke6 44. Ne4 Bf1 45. h4 Bg2 46. c5 Kf5 47. Nf2 Kf4 48. Nd3+ Kg4 49. Ne5+ Kxh4 50. c6 bxc6 51. Kc5 1-0


[Site "https://www.chess.com"]